 Dungeon Crawl Stone Soup version 0.31-a0-986-g5e6e4ef867 (webtiles) character file.

Game seed: 1856995185000856163

11 Whiskey the Ruffian (level 2, 0/27 HPs)
             Began as a Troll Shapeshifter on Nov 4, 2023.
             Slain by an endoplasm (1 damage)
             ... on level 1 of the Dungeon.
             The game lasted 00:00:41 (115 turns).

Whiskey the Ruffian (Troll Shapeshifter)             Turns: 115, Time: 00:00:42

Health: 0/27       AC:  4    Str: 21    XL:     2   Next: 17%
Magic:  1/1        EV:  9    Int:  6    God:
Gold:   10         SH:  0    Dex:  9    Spells: 1/1 levels left

rFire   . .          .
                       - Unarmed
rCold   . . .        (no shield)
rNeg    . . .        a - +0 animal skin
rPois   .            (helmet currently unavailable)
rElec   .            (cloak currently unavailable)
rCorr   .            (gloves unavailable)
SInv    .            (boots unavailable)
Will    .....        (no amulet)
Stlth   +            (no ring)
HPRegen 1.04/turn    (no ring)
MPRegen 0.07/turn

%: no passive effects
@: beast-form
A: beast (slay +1), large, unfitting armour, claws 3, regeneration 1, shaggy fur
1, tough skin 1
a: Begin Untransformation


You were on level 1 of the Dungeon.
You were a hulking beast.
You visited 1 branch of the dungeon, and saw 1 of its levels.

You collected 10 gold pieces.

Inventory:

Hand Weapons
 f - a +3 short sword of speed
   (You took it off a kobold on level 1 of the Dungeon)
Armour
 a - a +0 animal skin (worn)
Talismans
 c - a beast talisman
 d - a flux talisman
Scrolls
 e - a scroll of teleportation {unknown}
Potions
 b - a potion of lignification {!q}


   Skills:
 - Level 1.0 Fighting
 - Level 1.6 Dodging
 * Level 3.2 Unarmed Combat
 * Level 3.2 Shapeshifting


You had one spell level left.
You didn't know any spells.
Your spell library was empty.

Dungeon Overview and Level Annotations

Branches:
Dungeon (1/15)

Altars:


Innate Abilities, Weirdness & Mutations

You are a hulking beast.
Your limbs bulge with bestial killing power. (Slay +1)
You are too large for most types of armour.
You have claws for hands.
Your natural rate of healing is unusually fast.
You are covered in fur. (AC +1)
You have tough skin. (AC +1)


Message History

The jackal barks!
The quokka bites you.
A jackal comes into view.
You take 2 damage, and have 17/19 hp.
You barely miss the quokka.
The jackal barks!
The quokka bites you. The dart slug launches a dart at you.
The slug dart misses you.
A rat comes into view.
You barely miss the quokka. The quokka barely misses you.
You take 1 damage, and have 16/19 hp.
You claw the quokka!
You kill the quokka!
A jackal comes into view.
The dart slug launches a dart at you.
The slug dart hits you but does no damage.
A jackal comes into view.
The jackal moves out of view.
You have reached level 2!
You regained 9 hp, and now have 25/27 hp.
MP restored: 1 The jackal barks!
You claw the dart slug!
You kill the dart slug!
The jackal barks!
The endoplasm freezes you.
You are frozen.
An endoplasm comes into view.
You see here a quokka corpse.
You take 3 damage, and have 23/27 hp.
You closely miss the jackal.
The endoplasm quivers.
The jackal barely misses you. The endoplasm barely misses you.
An endoplasm comes into view.
The jackal barely misses you.
You scratch the jackal but do no damage.
The endoplasm freezes you.
You are frozen.
The jackal misses you.
You take 4 damage, and have 20/27 hp.
You closely miss the jackal.
The jackal bites you but does no damage.
The endoplasm hits you.
You take 1 damage, and have 19/27 hp.
You closely miss the jackal.
The jackal bites you but does no damage.
The endoplasm hits you but does no damage.
The jackal bites you. x2
The jackal bites you but does no damage.
You take 1 damage, and have 18/27 hp.
You scratch the jackal.
The jackal bites you but does no damage.
The jackal barely misses you. The endoplasm barely misses you.
The rat closely misses you. The jackal closely misses you.
You scratch the jackal. The jackal bites you. The jackal closely misses you.
The jackal barely misses you. The endoplasm hits you. The rat bites you.
You take 4 damage, and have 15/27 hp.
You completely miss the jackal. The jackal bites you.
The jackal barely misses you. The jackal bites you.
The rat bites you but does no damage. The endoplasm barely misses you.
The jackal bites you but does no damage.
You take 3 damage, and have 12/27 hp.
You are too injured to fight recklessly!
You are too injured to fight recklessly!
You are too injured to fight recklessly!
You are too injured to fight recklessly!
You are too injured to fight recklessly!
You are too injured to fight recklessly!
You are too injured to fight recklessly!
You are too injured to fight recklessly!
You are too injured to fight recklessly!
You are too injured to fight recklessly!
You are too injured to fight recklessly!
You are too injured to fight recklessly!
You are too injured to fight recklessly!
You scratch the jackal.
The jackal bites you but does no damage. x2
The endoplasm freezes you.
You are frozen.
The rat bites you but does no damage.
You closely miss the jackal. The jackal closely misses you. x2
The jackal barely misses you. The rat closely misses you.
The endoplasm barely misses you.
You closely miss the jackal.
The jackal bites you but does no damage.
The jackal bites you. The jackal misses you. The jackal bites you.
The endoplasm freezes you.
You are frozen.
* * * LOW HITPOINT WARNING * * *
The rat bites you but does no damage.
The jackal bites you but does no damage.
The jackal bites you.
* * * LOW HITPOINT WARNING * * *
You take 10 damage, and have 3/27 hp.
MASSIVE DAMAGE!!
You closely miss the jackal. The jackal bites you.
* * * LOW HITPOINT WARNING * * *
The jackal bites you.
* * * LOW HITPOINT WARNING * * *
The jackal bites you but does no damage.
The rat barely misses you. The endoplasm hits you.
You die...

#..#........#.# #..#####
#............#####.......
#...............#.....##
#..........####....####.
#..........# ##.).####..
#..........###[...(..#.#
##...............###.#.#
##8....hh.######.# #.#.#
#......hhh.# #.# #...#
#8.8...8rJJ.# #.# ##..#
#..._...J...# #.# ##..
#8.8.8.8...... .. #.#
#.......=...... #..
##8.8.....#.).. #..
##......##.... #..
######## ..[ #.#


You could see 3 endoplasms, 4 jackals and a rat.

Vanquished Creatures
  A dart slug (D:1)
  2 giant cockroaches (D:1)
  A quokka (D:1)
  A ball python (D:1)
  2 bats (D:1)
  A frilled lizard (D:1)
  2 kobolds (D:1)
10 creatures vanquished.

Notes
Turn   | Place    | Note
-------+----------+-------------------------------------------
     0 | D:1      | Whiskey the Troll Shapeshifter began the quest for the Orb.
     0 | D:1      | Reached XP level 1. HP: 18/18 MP: 0/0
    45 | D:1      | Reached skill level 1 in Fighting
    93 | D:1      | Found a faded altar of an unknown god.
   103 | D:1      | Reached XP level 2. HP: 25/27 MP: 1/1
   114 | D:1      | HP: 4/27 [frozen (5)]
   115 | D:1      | HP: 1/27 [jackal (1)]
   115 | D:1      | Slain by an endoplasm

Illustrated notes

Levels and vault maps discovered:
D:1:      minmay_arrival_four_houses, layout_rooms,
          ebering_ecumenical_altar_ruins

Skill      XL: |  1 |
---------------+----+-----
Fighting       | 1 |  1.0
Dodging        | |  1.6
Unarmed Combat | |  3.2
Shapeshifting  | |  3.2

Action                     || total
---------------------------++-------
  Melee: Unarmed           ||    29
 Armour: Animal skin       ||    36
  Dodge: Dodged            ||    27

Table legend: (Time is in decaauts)
 A = Elapsed time spent in this place.
 B = Non-inter-level travel time spent in this place.
 C = Inter-level travel time spent in this place.
 D = Time resting spent in this place.
 E = Time spent auto-exploring this place.
 F = Levels seen in this place.
 G = Mean time per level.
                   A        B        C        D        E       F      G
               +--------+--------+--------+--------+--------+-----+--------+
         Total |    113 |    113 |      0 |      0 |     59 |   1 |  113.0 |
       Dungeon |    113 |    113 |      0 |      0 |     59 |   1 |  113.0 |
               +--------+--------+--------+--------+--------+-----+--------+

Top non-repeatable levels by time:
     D:1: 113 daAuts

Levels and vault maps discovered:
D:1:      minmay_arrival_four_houses, layout_rooms,
          ebering_ecumenical_altar_ruins

Table legend: (Time is in decaauts)
 A = Elapsed time spent in this place.
 B = Non-inter-level travel time spent in this place.
 C = Inter-level travel time spent in this place.
 D = Time resting spent in this place.
 E = Time spent auto-exploring this place.
 F = Levels seen in this place.
 G = Mean time per level.
                   A        B        C        D        E       F      G
               +--------+--------+--------+--------+--------+-----+--------+
         Total |    113 |    113 |      0 |      0 |     59 |   1 |  113.0 |
       Dungeon |    113 |    113 |      0 |      0 |     59 |   1 |  113.0 |
               +--------+--------+--------+--------+--------+-----+--------+

Top non-repeatable levels by time:
     D:1: 113 daAuts

Table legend:
 A = Kills in this place as a percentage of kills in the entire game.
 B = Kills by you in this place as a percentage of kills by you in the entire game.
 C = Kills by friends in this place as a percentage of kills by friends in the entire game.
 D = Other kills in this place as a percentage of other kills in the entire game.
 E = Experience gained in this place as a percentage of experience gained in the entire game.
 F = Experience gained in this place divided by the number of levels of this place that you have seen.
                   A       B       C       D       E      F
               +-------+-------+-------+-------+-------+----------------------
         Total | 100.0 | 100.0 |   N/A |   N/A | 100.0 |  17.0
       Dungeon | 100.0 | 100.0 |   N/A |   N/A | 100.0 |  17.0
               +-------+-------+-------+-------+-------+----------------------
